 Dungeon Crawl Stone Soup version 0.27-a0-1548-gf8a67e7463 (webtiles) character file.

Game seed: 12135045512855149246

221 Zonian the Digger (level 6, -7/43 HPs)
             Began as a Formicid Earth Elementalist on July 14, 2021.
             Killed by nerve-wracking pain
             ... invoked by an orc priest
              (11 damage)
             ... on level 3 of the Dungeon.
             The game lasted 00:08:58 (5206 turns).

Zonian the Digger (Formicid Earth Elementalist)     Turns: 5206, Time: 00:08:58

Health: -7/43      AC:  2    Str: 12    XL:     6   Next: 19%
Magic:  5/11       EV: 12    Int: 17    God:
Gold:   46         SH:  0    Dex: 11    Spells: 7/11 levels left

rFire    + . .     SeeInvis +   a - +0 rapier (freeze)
rCold    x . .     Faith    .   (no shield)
rNeg     . . .     Spirit   .   b - +0 robe
rPois    .         Reflect  .   (helmet unavailable)
rElec    .         Harm     .   (no cloak)
rCorr    .         Rampage  .   (no gloves)
Will     .....                  (no boots)
Stlth    ++........             (no amulet)
HPRegen  0.14/turn              g - ring of fire
MPRegen  0.12/turn              l - ring of flight

@: flying, very slightly contaminated
A: permanent stasis, dig shafts and tunnels, antennae 3, four strong arms
a: Dig, Shaft Self


You were on level 3 of the Dungeon.
You visited 1 branch of the dungeon, and saw 3 of its levels.

You collected 106 gold pieces.
You spent 60 gold pieces at shops.

Inventory:

Hand Weapons
 a - a +0 rapier of freezing (weapon)
Missiles
 c - 35 stones
Armour
 b - a +0 robe (worn)
 e - a +0 ring mail
Magical Staves
 j - a staff of cold
Jewellery
 g - a ring of fire (left hand)
 l - a ring of flight (right hand)
Scrolls
 i - a scroll of teleportation
Potions
 h - a potion of brilliance {unknown}
 m - a potion of curing {unknown}
 n - a potion of might {unknown}


   Skills:
 + Level 1.4 Fighting
 + Level 2.5 Short Blades
 + Level 2.3 Dodging
 + Level 3.4 Stealth
 + Level 3.3 Spellcasting
 + Level 1.1 Transmutations
 + Level 5.0 Earth Magic


You had 7 spell levels left.
You knew the following spells:

 Your Spells              Type           Power      Damage    Failure   Level
a - Sandblast             Erth           38%        2d10      2%          1
b - Stone Arrow           Conj/Erth      22%        3d8       19%         3

Your spell library contained the following spells:

 Spells                   Type           Power      Damage    Failure   Level
 Passwall                 Tmut/Erth      10%        N/A       8%          2
 Freeze                   Ice            8%         1d3       17%         1
 Petrify                  Tmut/Erth      13%        N/A       43%         4
 Frozen Ramparts          Ice            4%         1d2       45%         3
 Hailstorm                Conj/Ice       2%         3d3       86%         4


Dungeon Overview and Level Annotations

Branches:
Dungeon (3/15)

Altars:
Wu Jian

Shops:
D:3 :*[((


Innate Abilities, Weirdness & Mutations

You cannot be hasted, slowed, berserked, paralysed or teleported.
You can dig through walls and to a lower floor.
You have a pair of large antennae on your head. (SInv)
Your four strong arms can wield two-handed weapons with a shield.


Message History

Nothing appears to happen.
The orc priest hits you with a +0 hand axe.
Casting: Sandblast (safe; 2% risk of failure)
Confirm with . or Enter, or press ? or * to list all spells.
Aiming: Sandblast (safe; 2% risk of failure)
Press: ? - help, Shift-Dir - straight line, f/p - orc priest
Aim: an orc priest, wielding a +0 hand axe and wearing a +0 scale mail (82% to hit)
The blast of sand hits the orc priest.
The orc priest is moderately wounded.
The orc priest hits you with a +0 hand axe.
Casting: Sandblast (safe; 2% risk of failure)
Confirm with . or Enter, or press ? or * to list all spells.
Aiming: Sandblast (safe; 2% risk of failure)
Press: ? - help, Shift-Dir - straight line, f/p - orc priest
Aim: an orc priest, wielding a +0 hand axe and wearing a +0 scale mail (moderately wounded, 82% to hit)
The blast of sand hits the orc priest but does no damage.
The orc priest is moderately wounded.
The orc priest calls down the wrath of Beogh upon you.
Beogh smites you!
* * * LOW HITPOINT WARNING * * *
Casting: Sandblast (safe; 2% risk of failure)
Confirm with . or Enter, or press ? or * to list all spells.
Aiming: Sandblast (safe; 2% risk of failure)
Press: ? - help, Shift-Dir - straight line, f/p - orc priest
Aim: an orc priest, wielding a +0 hand axe and wearing a +0 scale mail (moderately wounded, 82% to hit)
The blast of sand misses the orc priest.
The orc priest hits you with a +0 hand axe.
* * * LOW HITPOINT WARNING * * *
An orc comes into view. It is wielding a +0 hand axe.
Okay, then.
Casting: Sandblast (safe; 2% risk of failure)
Confirm with . or Enter, or press ? or * to list all spells.
Aiming: Sandblast (safe; 2% risk of failure)
Press: ? - help, Shift-Dir - straight line, f/p - orc priest
Aim: an orc priest, wielding a +0 hand axe and wearing a +0 scale mail (moderately wounded, 82% to hit)
The blast of sand hits the orc priest but does no damage.
The orc priest is moderately wounded.
The orc priest invokes the aid of Beogh against you.
Pain shoots through your body!
You die...

### # ##.#### . o.##.. #.#
#.##.# #.#. #.##.# ###...
#@##.# ......#####o##.######
.....oo....o#.......# #.####
..)..{..#####..####.# #.....
.....##.#.......###.#######.
.....'..#.###.<.#...........
.....#..#.<.....#.#>####....
.... #..######.##.#.........
... #..........#.#.#.#.....


You could see an orc priest and 2 orcs.

Vanquished Creatures
  An orc priest (D:3)
  2 orc wizards (D:3)
  A hound skeleton (D:3)
  4 adders
  2 worms
  3 dart slugs
  4 orcs (D:3)
  3 bats
  7 endoplasms
  4 giant cockroaches
  3 hobgoblins (D:2)
  22 jackals
  2 kobolds
  3 quokkas (D:1)
  2 ball pythons (D:1)
  2 frilled lizards
  2 goblins
  4 rats
71 creatures vanquished.

Notes
Turn   | Place    | Note
-------+----------+-------------------------------------------
     0 | D:1      | Zonian the Formicid Earth Elementalist began the quest for
                  | the Orb.
     0 | D:1      | Reached XP level 1. HP: 13/13 MP: 3/3
   292 | D:1      | Reached XP level 2. HP: 3/19 MP: 1/5
   855 | D:1      | Reached skill level 4 in Earth Magic
  1726 | D:1      | Reached XP level 3. HP: 24/24 MP: 6/6
  2266 | D:2      | Reached skill level 1 in Short Blades
  2546 | D:2      | Reached XP level 4. HP: 31/31 MP: 4/7
  3091 | D:2      | Reached skill level 1 in Fighting
  3335 | D:3      | Reached XP level 5. HP: 22/37 MP: 9/9
  3957 | D:3      | Found Nitiacluun's Antique Weapon Boutique.
  4054 | D:3      | Found Nahala's Antique Weapon Boutique.
  4161 | D:3      | Found Awerur's Armour Boutique.
  4231 | D:3      | Found Oceir's Assorted Antiques.
  4236 | D:3      | Bought a scroll labelled OMOIH EZECZO for 21 gold pieces
  4236 | D:3      | Bought a scroll labelled GEYTEBR XAHOCK for 21 gold pieces
  4236 | D:3      | Bought a fuming pink potion for 18 gold pieces
  4253 | D:3      | Found an ornate altar of the Wu Jian Council.
  4820 | D:3      | Found Dufyloz's Book Shoppe.
  5033 | D:3      | Reached skill level 5 in Earth Magic
  5033 | D:3      | Reached XP level 6. HP: 31/43 MP: 6/10
  5049 | D:3      | Learned a level 3 spell: Stone Arrow
  5206 | D:3      | Killed from afar by an orc priest

Illustrated notes

Levels and vault maps discovered:
D:1:      dpeg_arrival_short_road, layout_basic
D:2:      layout_loops_cross
D:3:      cheibrodos_pilgrimage, layout_basic, pdpol_wu_jian_five_deadly_venoms,
          serial_shops, shop, shop, nicolae_diamond_shop, nicolae_shop_crystal,
          shop_fountains

Skill      XL: |  1  2  3  4  5 |
---------------+----------------+-----
Earth Magic    | 4 5 |  5.0
Dodging        | 2 |  2.3
Short Blades   | 1 2 |  2.5
Fighting       | 1 |  1.4
Stealth        | 3 |  3.4
Spellcasting   | 3 |  3.3
Transmutations | |  1.1

Action                   |  1- 3 |  4- 6 || total
-------------------------+-------+-------++-------
Melee: Unarmed           |     5 |       ||     5
       Rapier            |    79 |    69 ||   148
 Cast: Sandblast         |    18 |    33 ||    51
  Use: Scroll            |       |     7 ||     7
 Stab: Sleeping          |     6 |     3 ||     9
Armor: Robe              |    14 |     9 ||    23
Dodge: Dodged            |    63 |    57 ||   120

Table legend: (Time is in decaauts)
 A = Elapsed time spent in this place.
 B = Non-inter-level travel time spent in this place.
 C = Inter-level travel time spent in this place.
 D = Time resting spent in this place.
 E = Time spent auto-exploring this place.
 F = Levels seen in this place.
 G = Mean time per level.
                   A        B        C        D        E       F      G
               +--------+--------+--------+--------+--------+-----+--------+
         Total |   5225 |   5126 |     99 |   2077 |   2297 |   3 | 1741.7 |
       Dungeon |   5225 |   5126 |     99 |   2077 |   2297 |   3 | 1741.7 |
               +--------+--------+--------+--------+--------+-----+--------+

Top non-repeatable levels by time:
     D:1: 2009 daAuts
     D:3: 1890 daAuts
     D:2: 1326 daAuts
